[Event "Slovakia Open Piestany-A 2022"]
[Site "Piestany"]
[Date "2022.07.18"]
[Round "9.21"]
[White "Skreko, Igor"]
[Black "Domalchuk-Jonasson, Aleksandr"]
[Result "1-0"]
[ECO "E36"]
[WhiteElo "2193"]
[BlackElo "2244"]
[Annotator "TA"]
[PlyCount "51"]
[EventDate "2022.07.12"]
[EventType "swiss"]
[EventCountry "SVK"]
[SourceTitle "playchess.com"]
[Source "ChessBase"]
[SourceQuality "1"]
[TimeControl "40/5400+30:1800+30"]

1. d4 Nf6 2. c4 e6 3. Nc3 Bb4 4. Qc2 O-O 5. a3 Bxc3+ 6. Qxc3 d5 7. Bg5 dxc4 {[%emt 0:01:24] E36: Nimzo-Indian: Classical: 4...d5 5 a3.} 8. Qxc4 b6 9. Rd1 Ba6 {[%emt 0:03:31] The position is equal.} 10. Qa4 h6 {[%emt 0:03:31] 10...h6 is better than 10...Qd7.} 11. Bh4 Qe7 12. Nf3 c5 13. dxc5 bxc5 14. Ne5 {[%emt 0:02:47] [#]} Rd8 $146 ({Predecessor:} 14... Qb7 15. e3 Bxf1 16. Kxf1 Nd5 17. e4 Nb6 18. Qc2 Nc6 19. Nxc6 Qxc6 20. f3 c4 {½-½ (57) Nabaty,T (2644)-Babula,V (2552) Teplice 2017}) 15. Rxd8+ Qxd8 16. Ng4 h5 $2 {[%emt 0:13:04][%mdl 8192] [#] A mistake that costs the game.} ({Better is} 16... Kf8 $14) 17. Nxf6+ $18 gxf6 18. g4 Bb7 19. Rg1 Kf8 20. gxh5 Nd7 21. h6 ({Not} 21. Qg4 Qa5+ 22. Kd1 (22. b4 Qxa3 23. f3 Ke7 $17) 22... Ke7 $11) 21... Ke7 22. Rg7 {[%emt 0:04:59] Strongly threatening Bh3.} Rc8 $2 (22... Bc6 23. Qxc6 Qa5+ 24. b4 Qxa3) 23. Bh3 {[%emt 0:09:35] Hoping for Qg4.} Nf8 {[%emt 0:11:18] [#]} 24. Bxf6+ $1 {[%emt 0:02:04][%mdl 512] White mates.} Kxf6 25. Qf4+ Ke7 26. Rxf7+ {[%emt 0:00:09] Weighted Error Value: White=0.12 (very precise) /Black=0.98} (26. h7 $142 Qe8 27. h8=Q Be4 28. Bxe6 Rd8 29. Bxf7 Rd1+ 30. Kxd1 Bc2+ 31. Kxc2 Qc6 32. Bh5+ Kd8 33. Qhxf8+ Qe8 34. Qxe8#) 1-0

[Event "Slovakia Open Piestany-A 2022"]
[Site "Piestany"]
[Date "2022.07.18"]
[Round "9.22"]
[White "Mizicka, Matus"]
[Black "Chlpik, Martin"]
[Result "0-1"]
[ECO "A36"]
[WhiteElo "1915"]
[BlackElo "2236"]
[Annotator "TA"]
[PlyCount "97"]
[EventDate "2022.07.12"]
[EventType "swiss"]
[EventCountry "SVK"]
[SourceTitle "playchess.com"]
[Source "ChessBase"]
[SourceQuality "1"]
[TimeControl "40/5400+30:1800+30"]

1. c4 c5 2. Nc3 Nc6 3. g3 g6 4. Bg2 Bg7 5. e3 e5 6. Nge2 Nge7 7. O-O O-O 8. f4 {[%emt 0:03:26] A36: Symmetrical English vs ...g6: 4 Bg2 Bg7.} d6 9. fxe5 ({White should play} 9. d3 $11) 9... dxe5 $15 10. Nd5 {[%emt 0:02:21] [#] Black has an edge.} Nxd5 $146 ({Predecessor:} 10... f5 11. d3 Rb8 12. Nec3 Be6 13. Rb1 a6 14. a4 Bxd5 15. cxd5 Nb4 16. e4 Qb6 {1-0 (44) Najjar,S (1620)-Hasnaoui,A (1117) Sousse 2021}) 11. cxd5 Nb4 12. Qb3 b6 13. a3 $1 (13. d6 $2 Be6 14. Qa4 Rc8 15. Qxa7 Qxd6 $19) 13... Ba6 14. Nc3 Nd3 {[%emt 0:04:01] White must now prevent ...Qd7.} (14... Bxf1 15. Bxf1 a5 16. axb4 $16) 15. Qa4 {[%emt 0:03:33] Prevents Qd7.} Bb7 (15... Qc8 $1 $15) 16. Qc4 $11 Nxc1 17. Raxc1 Qd7 18. Rf2 f5 19. e4 (19. g4 $5) 19... f4 20. Rcf1 g5 21. Qe2 Rae8 22. Qh5 $1 Ba6 23. Bh3 Qd8 24. d3 (24. Rc1 $14) 24... Bxd3 25. Rd1 c4 26. Bg4 (26. Kh1 $15) 26... b5 (26... fxg3 27. hxg3 Rxf2 28. Kxf2 $11) ({Black should try} 26... a6 $17) 27. Qh3 (27. Bf5 $1 $11 Rxf5 28. exf5) 27... Qb6 28. Bf5 h6 29. g4 a5 {[%emt 0:02:47] Strongly threatening ...b4.} 30. Qh5 (30. Rxd3 $17 cxd3 31. Qxd3) 30... b4 $36 {[%emt 0:06:13][%mdl 2048] Black is on the roll.} 31. axb4 axb4 {[%emt 0:00:18] Dancing on a razor blade.} 32. Nb1 {[%emt 0:01:26] [#]} (32. Na4 {is the only way for White.} Qb5 33. b3 cxb3 34. Qg6 Rxf5 35. gxf5 (35. exf5 Rf8 $17) 35... Bxe4 36. Nc5 Bxf5 37. Qxf5 Qxc5 38. d6) 32... Rd8 {[%emt 0:02:45][%cal Of8f5] ...Rxf5! is the strong threat.} 33. Be6+ Kh8 34. Nd2 (34. Bf5 $142 Ra8 35. Nd2) 34... c3 35. bxc3 bxc3 36. Nf3 c2 37. Rxd3 c1=Q+ 38. Kg2 Qce3 39. Rxe3 fxe3 ({Stronger than} 39... Qxe3 40. Nxg5 f3+ 41. Nxf3 $15) 40. Re2 Qb5 ({Not} 40... Qb1 $2 41. Bf5 $19) 41. Rxe3 Qb2+ 42. Kg3 Qc1 43. Kf2 Rb8 {[%emt 0:00:46] Black mates.} 44. Re2 {[%emt 0:00:57] [#]} Rxf3+ $1 45. Kxf3 Qf1+ 46. Ke3 Rb3+ 47. Kd2 Rb2+ {[%emt 0:00:04][%mdl 64] Skewer} 48. Kc3 Qc1+ 49. Kd3 {[%emt 0:00:40] Weighted Error Value: White=0.97/Black=0.27 (precise)} 0-1

[Event "Slovakia Open Piestany-A 2022"]
[Site "Piestany"]
[Date "2022.07.18"]
[Round "9.23"]
[White "Delgerdalai, Bayarjavkhlan"]
[Black "Pennica, Andrea"]
[Result "1-0"]
[ECO "B04"]
[WhiteElo "2209"]
[BlackElo "1986"]
[Annotator "TA"]
[PlyCount "51"]
[EventDate "2022.07.12"]
[EventType "swiss"]
[EventCountry "SVK"]
[SourceTitle "playchess.com"]
[Source "ChessBase"]
[SourceQuality "1"]
[TimeControl "40/5400+30:1800+30"]

1. e4 Nf6 2. e5 Nd5 3. d4 d6 4. Nf3 dxe5 5. Nxe5 g6 6. c4 Nb6 7. Nc3 Bg7 8. Be3 Be6 {[%emt 0:03:09] B04: Alekhine's Defence: 4 Nf3.} 9. Qb3 O-O 10. Rd1 Qc8 {[%emt 0:03:57] White is slightly better.} 11. Nf3 {[%emt 0:03:10] [#]} Bg4 $146 ({Predecessor:} 11... a5 12. a4 Na6 13. Be2 Nb4 14. O-O Nd7 15. Rd2 Nf6 16. d5 Bf5 17. Nd4 Bg4 {½-½ (48) Sgherri,M (2329)-Schmidt,L (2389) ICCF email 2014}) 12. Be2 Nc6 13. d5 Bxf3 14. gxf3 Nb8 15. h4 N6d7 16. h5 {[%emt 0:03:49] White is much more active.} Ne5 (16... Nf6 $16) 17. f4 Ng4 18. Ne4 {[%emt 0:06:02][%cal Bc3e4,Be4g5,Bg5h7][%mdl 32] Strongly threatening hxg6.} Nxe3 19. Qxe3 {[%emt 0:02:23] Black must now prevent hxg6.} ({Don't do} 19. fxe3 e5 $16) 19... Re8 {[%emt 0:03:21] Loses the game.} (19... Qf5 $16) 20. hxg6 $18 hxg6 21. Ng5 {[%emt 0:00:57] aiming for Qg3.} e5 $2 (21... Qf5 22. Qg3 Na6) 22. dxe6 $1 f6 {[%emt 0:00:55] [#]} 23. e7 $1 {[%emt 0:16:03][%cal Oc4c5] Threatening mate with c5!} Nc6 {[%emt 0:02:35] [#]} (23... fxg5 24. c5) 24. c5 $1 {[%emt 0:01:07] White mates.} Rxe7 25. Qb3+ Kf8 26. Nh7+ {[%emt 0:00:05] Weighted Error Value: White=0.05 (flawless) /Black=0.52} 1-0

[Event "Slovakia Open Piestany-A 2022"]
[Site "Piestany"]
[Date "2022.07.18"]
[Round "9.24"]
[White "Soham Datar"]
[Black "Gyerpal, Adrian"]
[Result "1/2-1/2"]
[ECO "C88"]
[WhiteElo "2111"]
[BlackElo "2193"]
[Annotator "TA"]
[PlyCount "42"]
[EventDate "2022.07.12"]
[EventType "swiss"]
[EventCountry "SVK"]
[SourceTitle "playchess.com"]
[Source "ChessBase"]
[SourceQuality "1"]
[TimeControl "40/5400+30:1800+30"]

1. e4 e5 2. Nf3 Nc6 3. Bb5 a6 4. Ba4 Nf6 5. O-O Be7 6. Re1 b5 7. Bb3 O-O 8. d4 Nxd4 9. Bxf7+ Kxf7 10. Nxe5+ Kg8 11. Qxd4 Bb7 {[%emt 0:01:11] C88: Closed Ruy Lopez: Anti-Marshall Systems.} 12. Nc3 d6 13. Nf3 {[%emt 0:00:24] 0x0.0013b9df397edp-1022s more active pieces.} Qd7 {[%emt 0:02:30] [#]} {Predecessor:} 14. a4 $146 Ng4 15. Nd5 Bd8 16. axb5 Qxb5 17. c4 Qe8 18. h3 Nf6 19. Bg5 Qg6 20. Nxf6+ Bxf6 21. Bxf6 Rxf6 {1-0 (43) Molarius,R-Juntunen,J Finland 1964} 1/2-1/2

[Event "Slovakia Open Piestany-A 2022"]
[Site "Piestany"]
[Date "2022.07.18"]
[Round "9.25"]
[White "Sevcikova, Lucia"]
[Black "Sosovickova, Jana"]
[Result "1/2-1/2"]
[ECO "D36"]
[WhiteElo "2036"]
[BlackElo "1958"]
[Annotator "TA"]
[PlyCount "57"]
[EventDate "2022.07.12"]
[EventType "swiss"]
[EventCountry "SVK"]
[SourceTitle "playchess.com"]
[Source "ChessBase"]
[SourceQuality "1"]
[TimeControl "40/5400+30:1800+30"]

1. d4 d5 2. c4 e6 3. Nc3 Nf6 4. cxd5 exd5 5. Bg5 Be7 6. e3 c6 7. Bd3 Nbd7 8. h3 O-O 9. Qc2 Re8 10. Nf3 Nf8 11. O-O g6 12. Ne5 Nh5 13. Bxe7 Qxe7 14. Rae1 Be6 15. g4 {[%emt 0:09:56] D36: Queen's Gambit Declined: Exchange Variation: Main line (5 Bg5 c6 6 Qc2).} Ng7 16. f4 $1 {[%emt 0:01:10] [#]} f5 $146 ({Predecessor:} 16... f6 17. Nf3 f5 18. g5 Nd7 19. Qg2 Nb6 20. Ne5 Nd7 21. h4 Nxe5 22. fxe5 Bf7 {1-0 (32) Komljenovic,D (2490)-Caselas Cabanas,J Ponferrada 1991}) 17. g5 Nd7 18. a3 (18. h4 $14) 18... Nxe5 $11 19. dxe5 Red8 20. Qf2 c5 21. Rc1 Rac8 (21... d4 $11 22. Ne2 dxe3 23. Qxe3 a6) 22. Nb5 a6 23. Nd6 {[%emt 0:00:40] White is more active.} Rc7 24. Rfd1 Ne8 25. Nxe8 Rxe8 26. Be2 Rd8 27. Bf3 b5 28. Rd2 Rcd7 29. Rcd1 {[%emt 0:03:05] Weighted Error Value: White=0.12 (very precise) /Black=0.14 (very precise)} 1/2-1/2

[Event "Slovakia Open Piestany-A 2022"]
[Site "Piestany"]
[Date "2022.07.18"]
[Round "9.26"]
[White "Drtina, Milan"]
[Black "Warchol, Kamil"]
[Result "0-1"]
[ECO "C78"]
[WhiteElo "2167"]
[BlackElo "2121"]
[Annotator "TA"]
[PlyCount "50"]
[EventDate "2022.07.12"]
[EventType "swiss"]
[EventCountry "SVK"]
[SourceTitle "playchess.com"]
[Source "ChessBase"]
[SourceQuality "1"]
[TimeControl "40/5400+30:1800+30"]

1. e4 e5 2. Nf3 Nc6 3. Bb5 a6 4. Ba4 Nf6 5. O-O b5 6. Bb3 Bb7 7. Ng5 d5 8. exd5 Nd4 9. Re1 Be7 {[%emt 0:31:26] C78: Ruy Lopez: Archangelsk and Möller Defences.} 10. Rxe5 O-O 11. Nf3 Qd6 $1 {[%emt 0:08:47] [#] Threatens to win with ...Nxf3+. Black is slightly better.} 12. Re1 $146 {[%emt 0:10:09] [#]} (12. Re3 $15 Nxb3 13. axb3) ({Predecessor:} 12. Re3 Nxb3 13. axb3 {1-0 (13) Mai,W (2025)-Ozkan,O (2184) ICCF email 2012}) 12... Ng4 $1 $19 13. g3 ({Avoid the trap} 13. Nxd4 $2 Qxh2+ 14. Kf1 Qh1+ 15. Ke2 Qxg2 $19) (13. d3 Nxf3+) 13... Qf6 ({And not} 13... Nxb3 14. axb3 Qxd5 15. h3 $15) 14. Kg2 {[%emt 0:00:46] [#]} Nxb3 $2 (14... Bc5 $1 $19 {[%cal Og4f2] And now ...Nxf2! would win.} 15. Re3 Nxb3 16. axb3 Bxd5) 15. axb3 $15 Bxd5 {[%emt 0:00:05][%cal Og4h2] White must now prevent ...Nxh2!} 16. Nc3 (16. c4 $1 $15 Bb7 17. d4) 16... Bb7 $36 {[%emt 0:02:19][%cal Og4h2][%mdl 3072] ...Nxh2! is the strong threat. Black has strong compensation. Black is on the roll. 0x0.00144bc29aebdp-1022s more active pieces.} 17. Ne4 $2 (17. d4 $17) 17... Qg6 $19 {[%emt 0:00:55] Hoping for ...f5.} 18. d3 $2 (18. Nc3 {nothing else works.} Qh5 19. h3) 18... f5 {[%emt 0:01:34] Black is clearly winning.} 19. Ned2 Bc5 {[%emt 0:01:01][%cal Be7c5,Bc5f2,Bf2e1][%mdl 32] Strongly threatening ...Qh5.} 20. h3 Bxf2 21. hxg4 Bxe1 {[%emt 0:00:54] A strong pair of Bishops.} 22. g5 Rae8 23. Nf1 Qh5 {[%emt 0:02:54] ( -> ...Bxf3+)} 24. N1h2 Bxf3+ 25. Nxf3 Qg4 {[%emt 0:00:28] Weighted Error Value: White=1.41/Black=0.28 (precise)} 0-1

[Event "Slovakia Open Piestany-A 2022"]
[Site "Piestany"]
[Date "2022.07.18"]
[Round "9.27"]
[White "Balint, Peter"]
[Black "Compel, Daniel"]
[Result "0-1"]
[ECO "B90"]
[WhiteElo "2051"]
[BlackElo "2098"]
[Annotator "TA"]
[PlyCount "90"]
[EventDate "2022.07.12"]
[EventType "swiss"]
[EventCountry "SVK"]
[SourceTitle "playchess.com"]
[Source "ChessBase"]
[SourceQuality "1"]
[TimeControl "40/5400+30:1800+30"]

1. e4 c5 2. Nf3 d6 3. d4 cxd4 4. Nxd4 Nf6 5. Nc3 a6 6. Qd3 {[%emt 0:00:10] B90: Sicilian Najdorf: Unusual White 6th moves, 6 Be3 Ng4 and 6 Be3 e5.} Nbd7 7. Be2 e6 8. a4 {[%emt 0:02:51] The position is equal. 8.g4 gains popularity.} b6 9. Qg3 Bb7 10. O-O Be7 (10... g6 $11 {keeps the balance.}) 11. Be3 (11. Qxg7 $16 Rg8 12. Qh6) 11... O-O $11 12. f3 Rc8 13. Nb3 Qc7 14. Rfd1 Rfe8 {[%emt 0:02:03] [#]} 15. Bd4 $146 ({Predecessor:} 15. Nd2 Ne5 16. Qf2 Nfd7 17. f4 Nc6 18. Nc4 Nc5 19. Rd2 Nb4 20. Rad1 d5 21. exd5 Nxd5 22. Nxd5 exd5 23. Rxd5 Bxd5 24. Rxd5 Nxa4 {0-1 (38) Jaenig,R (2172)-Schmaltz,R (2519) Bad Wiessee 2003}) 15... Ne5 16. Nd2 Red8 17. Rac1 Nc6 18. Be3 Nd7 19. Nc4 Nce5 20. Bh6 g6 21. Ne3 Bf6 22. Bg5 (22. f4 $14) 22... Qc5 {[%emt 0:00:42] Hoping for ...Bxg5.} 23. Kf2 $2 ({White should try} 23. Bf4 $15) 23... Kg7 $2 (23... Bxg5 $19 24. f4 Bh6 $1) 24. h4 $15 h6 25. Bxf6+ (25. Bf4 $15) 25... Nxf6 $19 26. f4 {[%emt 0:01:07] [#]} (26. Qh2 $142) 26... Ned7 $2 (26... Qxc3 $1 $19 27. bxc3 Nxe4+ 28. Ke1 Nxg3 29. fxe5 Rxc3) 27. Bf3 ({Better is} 27. Kf1) 27... Ba8 (27... Kh7 $142 28. Ra1 Qb4) 28. Re1 (28. Ra1 $17) 28... b5 29. axb5 axb5 30. Kg1 b4 31. Na4 Qb5 32. b3 Nxe4 33. Bxe4 Bxe4 34. Nc4 (34. c4 $142 Qh5 35. Nc2 Bxc2 36. Rxc2) 34... Nf6 {[%emt 0:00:15] ...Rxc4 is the strong threat.} 35. Nab2 d5 36. Ne3 Rc3 {[%emt 0:00:28] Threatens to win with ...d4.} 37. Nbd1 Rc5 38. Nf2 Rdc8 39. f5 exf5 40. Qe5 Re8 41. Qd4 Rc3 42. Ned1 Qc5 43. Qd2 (43. Qxc5 Rxc5 44. Re2) 43... Rg3 44. Kh1 Rxg2 45. Rxe4 Nxe4 {[%emt 0:00:00] Weighted Error Value: White=0.79/Black=0.45} 0-1

[Event "Slovakia Open Piestany-A 2022"]
[Site "Piestany"]
[Date "2022.07.18"]
[Round "9.28"]
[White "Saravanan Durga"]
[Black "Paluska, Karol"]
[Result "0-1"]
[ECO "E53"]
[WhiteElo "1908"]
[BlackElo "1957"]
[Annotator "TA"]
[PlyCount "117"]
[EventDate "2022.07.12"]
[EventType "swiss"]
[EventCountry "SVK"]
[SourceTitle "playchess.com"]
[Source "ChessBase"]
[SourceQuality "1"]
[TimeControl "40/5400+30:1800+30"]

1. d4 Nf6 2. c4 e6 3. Nc3 Bb4 4. e3 d5 5. Bd3 O-O 6. Nf3 c5 {[%emt 0:01:43] 6...dxc4 might become the main line.} 7. cxd5 Nxd5 {[%emt 0:01:14] White must now prevent ...cxd4. E53: Nimzo-Indian: Rubinstein: Main Line (4...0-0 5 Nf3 d5 6 Bd3 c5 7 0-0).} 8. Qc2 Nf6 9. O-O (9. a3 $5 Bxc3+ 10. bxc3 $14 (10. Qxc3 cxd4 11. exd4 b6 $11)) 9... cxd4 {[%emt 0:04:46] White is slightly better.} 10. exd4 h6 11. Rd1 Nc6 12. a3 Bd6 13. Ne4 {[%emt 0:05:24] [#]} Nd5 $146 ({Predecessor:} 13... Nxe4 14. Bxe4 Ne7 15. Ne5 Bxe5 16. dxe5 Nd5 17. Qe2 b6 18. Qg4 f5 19. exf6 Qxf6 {½-½ (78) Vasquez Schroder,R (2441)-Matsenko,A (2228) Chess.com INT 2020}) 14. Nxd6 Qxd6 15. b4 b6 16. Bb2 Bb7 17. Rac1 Rac8 18. Qb3 Nce7 19. Ne5 Nf4 {[%emt 0:04:12] aiming for ...f6. Pair of Knights!} 20. Bf1 f6 21. Nc4 Qd5 {[%emt 0:01:54][%cal Of4e2] Threatens to win with ...Ne2+!} 22. Qg3 g5 $36 {[%emt 0:07:57][%mdl 2048] And now ...Nf5 would win. Black fights for an advantage.} 23. f3 (23. Ne3 $15 Qa2 24. Rxc8 Rxc8 25. Rd2) 23... Nf5 ({Black should play} 23... Ba6 $1 $17 24. Ne3 (24. Nxb6 $2 Rxc1 25. Bxc1 Qb3 $19) 24... Qb3 25. Bxa6 Qxb2 26. Rxc8 Rxc8) 24. Qf2 $1 $11 Nh4 25. Ne3 Qd6 (25... Rxc1 $11 26. Rxc1 (26. Nxd5 Nh3+ 27. gxh3 Rxd1 $15) 26... Qd6) 26. Qg3 ({White has to play} 26. Rxc8 $1 $16 Rxc8 27. d5) 26... Rxc1 27. Rxc1 f5 28. Bc4 (28. b5 $11) 28... Rc8 $17 {[%emt 0:06:19][%cal Ob6b5] 0x0.00144b51642bdp-1022s more active pieces.} 29. Bf1 $2 (29. Kh1 $17 {was necessary.}) 29... Rxc1 $19 30. Bxc1 Qc6 (30... Qxd4 $19 {[%cal Oh4g2] Hoping for ...Nhxg2!} 31. Qf2 Nh3+ $1 32. gxh3 Nxf3+ 33. Kh1 Qc3) 31. Bb2 $11 a5 32. b5 Qc7 33. Bc4 Nhg6 34. Qe1 Kh7 35. Qd2 Qd6 {[%emt 0:00:32] [#] Prevents d5.} (35... Nd5 $11 {keeps the balance.} 36. Bb3 Nxe3 37. Qxe3 Bd5) 36. Qc3 ({Better is} 36. d5 $1 $16) 36... Bd5 37. Bxd5 $4 (37. g3 $14 Bxc4 38. Qxc4) 37... Ne2+ $19 ({Stronger than} 37... Nxd5 38. Nxd5 Qxd5 39. a4 $11 (39. Qc7+ Kg8 $11)) 38. Kf2 Nxc3 39. Bxc3 exd5 40. Bb2 Qxh2 {[%emt 0:01:16] Black mates.} 41. Nxf5 Nf4 42. Ne3 Nd3+ 43. Ke2 Nxb2 44. Nxd5 Qxg2+ 45. Ke3 Nd1+ 46. Ke4 Qe2+ 47. Kf5 Ne3+ 48. Ke6 Nxd5+ 49. Kxd5 Qxf3+ 50. Ke5 Qe3+ 51. Kd5 g4 52. a4 g3 53. Kc4 g2 54. d5 Qc5+ 55. Kb3 Qxd5+ 56. Kc3 g1=Q 57. Kb2 Qd3 58. Ka2 Qf2+ 59. Ka1 {[%emt 0:00:05] Weighted Error Value: White=0.69/Black=0.34} 0-1